 Dungeon Crawl Stone Soup version 0.26-a0-611-g354ed81502 (webtiles) character file.

Game seed: 1738786200749810268

151 MrRokkomies the Sneak (level 5, -1/35 HPs)
             Began as an Octopode Brigand on Sept 7, 2020.
             Slain by an adder (4 damage)
             ... on level 3 of the Dungeon.
             The game lasted 00:06:49 (3171 turns).

MrRokkomies the Sneak (Octopode Brigand)            Turns: 3171, Time: 00:06:50

Health: -1/35      AC:  1    Str: 10    XL:     5   Next: 33%
Magic:  5/5        EV: 14    Int: 14    God:
Gold:   141        SH:  0    Dex: 14    Spells: 4/4 levels left

rFire    . . .     SeeInvis .   a - +2 short sword (elec)
rCold    . . .     Faith    .   (no shield)
rNeg     . . .     Spirit   .   (helmet restricted)
rPois    .         Reflect  .   (no amulet)
rElec    .         Harm     .   (no ring)
rCorr    .                      (no ring)
MR       .....                  (no ring)
Stlth    ++++......             (no ring)
HPRegen  0.11/turn              (no ring)
MPRegen  0.09/turn              (no ring)
                                (no ring)
                                (no ring)

@: hasted, lightly drained, very quick
A: almost no armour, stealthy swim, amphibious, 8 rings, constrict 8, camouflage
1, gelatinous body 1
a: no special abilities


You were on level 3 of the Dungeon.
You visited 1 branch of the dungeon, and saw 3 of its levels.

You collected 141 gold pieces.

Inventory:

Hand Weapons
 a - a +2 short sword of electrocution (weapon)
 e - a +1 dagger of speed
 l - a +2 dagger
Missiles
 b - 8 poisoned darts (quivered)
 c - 2 curare-tipped darts
 d - 2 javelins
Jewellery
 k - an uncursed ring of ice
Wands
 i - a wand of paralysis (8)
Scrolls
 j - a scroll of blinking
Potions
 g - a potion of invisibility {unknown}
 h - a potion of brilliance {unknown}
 o - a potion of heal wounds {unknown}
 p - a potion of stabbing {unknown}


   Skills:
 + Level 2.7 Fighting
 * Level 3.5(3.4) Short Blades
 + Level 2.8(2.7) Throwing
 * Level 2.9(2.8) Dodging
 - Level 5.3(5.2) Stealth


You had 4 spell levels left.
You didn't know any spells.
Your spell library was empty.

Dungeon Overview and Level Annotations

Branches:
Dungeon (3/15)

Altars:
Ashenzari
Dithmenos

Annotations:
D:3 Sigmund


Innate Abilities, Weirdness & Mutations

You cannot wear most types of armour.
You are very stealthy in the water. (Stealth+)
You are amphibious.
You can wear up to eight rings at the same time.
You can use your tentacles to constrict eight enemies at once.
Your skin changes colour to match your surroundings (Stealth+).
Your rubbery body absorbs attacks. (AC +1, EV +1)


Message History

Aim: an orc, wielding a +0 falchion (poisoned)
You throw a poisoned dart.
The poisoned dart barely misses the orc.
Throwing (i - inventory. (/) - cycle)
b - 9 poisoned darts (quivered)
Press: ? - help, Shift-Dir - straight line, f/p - orc
Aim: an orc, wielding a +0 falchion (lightly wounded, poisoned)
You throw a poisoned dart.
The poisoned dart closely misses the orc.
You feel sick.
You are no longer poisoned.
The orc looks more healthy.
Found a shadowy altar of Dithmenos.
An adder comes into view.
A frilled lizard comes into view.
The adder hisses angrily.
Found 13 arrows.
It was a potion of haste.
You feel yourself speed up. The adder bites you.
* * * LOW HITPOINT WARNING * * *
The frilled lizard misses you. The adder bites you.
You die...

..(.##### ##...####.....##
....(.(.######## ###....#.[....#
....###........#########.........
†...# ########........####....#..
#†.## ####.###.........#.. ##>###
#.# ######....##. ..)..###
####o#### #....##. .##....#
#.......# #....### .##w##.#
#..@S...# #....## .##..#.####
#..l....# ####..##
..##......#......_...... ##..#
#.###.###...##.......##.. ##..
#.# #.# #. #.......# . ##.
#.###.# # #.(.....# #.
#..##.###########.#### #.
.....((((.(.## ##.## ##
###(.(####...# .... #


You could see an adder, an orc and a frilled lizard.

Vanquished Creatures
  Terence (D:3)
  Ijyb (D:3)
  2 adders
  An ooze (D:3)
  A worm (D:2)
  2 leopard geckos
  12 orcs
  12 goblins
  5 hobgoblins
  2 jackals (D:1)
  4 bats
  3 frilled lizards
  8 kobolds
  10 rats
64 creatures vanquished.

Notes
Turn   | Place    | Note
-------+----------+-------------------------------------------
     0 | D:1      | MrRokkomies the Octopode Brigand began the quest for the
                  | Orb.
     0 | D:1      | Reached XP level 1. HP: 14/14 MP: 1/1
   139 | D:1      | Reached XP level 2. HP: 11/19 MP: 2/2
   749 | D:1      | Reached XP level 3. HP: 24/24 MP: 3/3
  1137 | D:2      | Found a shattered altar of Ashenzari.
  1661 | D:2      | HP: 1/25 [orc/+0 whip (6)]
  1925 | D:2      | HP: 1/25 [orc/+0 dagger (1)]
  1939 | D:2      | Reached XP level 4. HP: 10/30 MP: 4/4
  2448 | D:3      | Noticed Sigmund
  2757 | D:3      | Noticed Ijyb
  2761 | D:3      | Paralysed by Ijyb for 4 turns
  2772 | D:3      | Killed Ijyb
  2945 | D:3      | Noticed Terence
  2955 | D:3      | Killed Terence
  2955 | D:3      | Reached XP level 5. HP: 35/35 MP: 5/5
  3165 | D:3      | Found a shadowy altar of Dithmenos.
  3171 | D:3      | Slain by an adder

Illustrated notes

Levels and vault maps discovered:
D:1:      zelgadis_glass_arrival_small, layout_basic
D:2:      layout_basic, ashenzari_altar_1, minivault_26
D:3:      layout_rooms, nicolae_overflow_crystal_walls,
          minmay_misc_feat_more_columns, uniq_ijyb, uniq_sigmund, uniq_terence

Skill      XL: |  1  2  3  4 |
---------------+-------------+-----
Dodging        | 2 |  2.9
Short Blades   | 3 |  3.5
Fighting       | |  2.7
Throwing       | |  2.8
Stealth        | |  5.3

Action                   |  1- 3 |  4- 6 || total
-------------------------+-------+-------++-------
Melee: Dagger            |    78 |    44 ||   122
       Tentacles         |    12 |     9 ||    21
       Constrict         |    16 |    11 ||    27
       Short sword       |       |    11 ||    11
Throw: Dart              |    18 |    33 ||    51
  Use: Scroll            |     6 |     1 ||     7
       Potion            |     2 |     1 ||     3
 Stab: Sleeping          |     9 |       ||     9
       Distracted        |       |     1 ||     1
Armor: Skin              |     7 |     1 ||     8
Dodge: Dodged            |    51 |    31 ||    82

Table legend: (Time is in decaauts)
 A = Elapsed time spent in this place.
 B = Non-inter-level travel time spent in this place.
 C = Inter-level travel time spent in this place.
 D = Time resting spent in this place.
 E = Time spent auto-exploring this place.
 F = Levels seen in this place.
 G = Mean time per level.
                   A        B        C        D        E       F      G
               +--------+--------+--------+--------+--------+-----+--------+
         Total |   3140 |   3055 |     85 |    849 |   1705 |   3 | 1046.7 |
       Dungeon |   3140 |   3055 |     85 |    849 |   1705 |   3 | 1046.7 |
               +--------+--------+--------+--------+--------+-----+--------+

Top non-repeatable levels by time:
     D:2: 1788 daAuts
     D:1: 847 daAuts
     D:3: 504 daAuts
